 Dungeon Crawl Stone Soup version 0.30.1-11-g7821555f0a (webtiles) character file.

Game seed: 5031887037800459588

44 jagang the Slasher (level 3, -1/30 HPs)
             Began as a Barachi Monk on Nov 15, 2023.
             Slain by a quokka (4 damage)
             ... on level 2 of the Dungeon.
             The game lasted 00:01:09 (858 turns).

jagang the Slasher (Barachi Monk)                    Turns: 858, Time: 00:01:09

Health: -1/30      AC:  2    Str: 12    XL:     3   Next: 60%
Magic:  3/3        EV: 13    Int: 10    God:
Gold:   54         SH:  0    Dex: 16    Spells: 2/2 levels left

rFire   . . .        a - +0 falchion
rCold   . . .        d - orb {light}
rNeg    . . .        b - +0 robe
rPois   .            (no helmet)
rElec   .            (no cloak)
rCorr   .            (no gloves)
SInv    .            (no boots)
Will    .....        (no amulet)
Stlth   +            (no ring)
HPRegen 0.25/turn    (no ring)
MPRegen 0.08/turn

%: no passive effects
@: lethally poisoned (-1 -> -3), glowing, slow
A: amphibious, slowness 1, strong legs 1, +LOS
a: Hop


You were on level 2 of the Dungeon.
You visited 1 branch of the dungeon, and saw 2 of its levels.

You collected 54 gold pieces.

Inventory:

Hand Weapons
 a - a +0 falchion (weapon)
Missiles
 k - 6 curare-tipped darts
Armour
 b - a +0 robe (worn)
 d - an orb of light (worn)
Scrolls
 e - 3 scrolls of identify {unknown}
 g - a scroll of vulnerability {unknown}
 i - a scroll of poison {unknown}
 j - a scroll of noise {unknown}
 l - a scroll of brand weapon {unknown}
Potions
 c - a potion of ambrosia
 f - a potion of curing {unknown}
 h - a potion of flight {unknown}
 m - a potion of haste {unknown}
 n - a potion of mutation {unknown}


   Skills:
 + Level 4.1 Fighting
 * Level 4.6 Long Blades
 + Level 1.6 Armour
 - Level 3.2 Dodging


You had 2 spell levels left.
You didn't know any spells.
Your spell library was empty.

Dungeon Overview and Level Annotations

Branches:
Dungeon (2/15)

Altars:


Innate Abilities, Weirdness & Mutations

You are amphibious.
You cover ground slowly.
You can hop short distances.
You have an extended range of vision and can be seen from far away.


Message History

You hit the adder.
The adder is moderately wounded.
The adder bites you. The quokka bites you.
You barely miss the adder.
The adder is moderately wounded.
The adder bites you. The quokka bites you. The hobgoblin closely misses you.
The quokka closely misses you.
You hit the adder.
The adder is severely wounded.
The hobgoblin hits you. The adder barely misses you. The ball python bites you.
The ball python grabs you. The ball python constricts you.
The quokka barely misses you.
You are too injured to fight recklessly!
You are too injured to fight recklessly!
Unknown command.
You escape the ball python's grasp.
The ball python attacks as you move away!
The ball python misses you. The ball python closely misses you.
The adder closely misses you. The hobgoblin hits you.
* * * LOW HITPOINT WARNING * * *
You hit the adder.
The adder is almost dead.
The adder bites you.
* * * LOW HITPOINT WARNING * * *
You are poisoned.
The adder poisons you! The adder barely misses you.
You hit the adder.
You kill the adder!
* * * LOW HITPOINT WARNING * * *
You feel sick.
You hit the quokka.
The quokka is almost dead.
You feel sick. The quokka bites you.
* * * LOW HITPOINT WARNING * * *
The hobgoblin barely misses you. The quokka misses you.
You barely miss the quokka.
The quokka is almost dead.
* * * LOW HITPOINT WARNING * * *
You feel sick. The hobgoblin closely misses you. The quokka bites you.
You die...

........ ........
........ ##........
.......... ####.........
#............ ....
#.###g##......... ....
#.....@r........# .....
#####.##..#######
.....##########.##..#
..............##....
####.........####......
.............##....####..
................##.. ..
##..#).†.#########.. .
###.#....######......


You could see a quokka and a hobgoblin.

Vanquished Creatures
  2 adders (D:2)
  4 bats
  A giant cockroach (D:1)
  5 goblins
  2 hobgoblins (D:1)
  3 kobolds
  3 ball pythons
  2 frilled lizards (D:1)
  3 rats (D:1)
25 creatures vanquished.

Notes
Turn   | Place    | Note
-------+----------+-------------------------------------------
     0 | D:1      | jagang the Barachi Monk began the quest for the Orb.
     0 | D:1      | Reached XP level 1. HP: 18/18 MP: 1/1
    74 | D:1      | Reached XP level 2. HP: 20/25 MP: 2/2
   152 | D:1      | Reached skill level 1 in Armour
   802 | D:2      | Reached XP level 3. HP: 30/30 MP: 3/3
   858 | D:2      | Slain by a quokka

Illustrated notes

Levels and vault maps discovered:
D:1:      amcnicky_arrival_wind_blow, layout_basic
D:2:      kennysheep_the_goblin_king, layout_rooms, grunt_ministairs_10,
          minmay_heptomino_h4

Skill      XL: |  1  2 |
---------------+-------+-----
Long Blades    | 4 |  4.6
Armour         | 1 |  1.6
Fighting       | 4 |  4.1
Dodging        | |  3.2

Action                     || total
---------------------------++-------
  Melee: Falchion          ||    58
 Armour: Robe              ||    11
  Dodge: Dodged            ||    46
